 Dungeon Crawl Stone Soup version 0.31.0-32-g396128a36d (webtiles) character file.

Game seed: 12566580486524779895

19 TacoSundae the Ruffian (level 2, 0/14 HPs)
             Began as a Vine Stalker Shapeshifter on Apr 11, 2024.
             Slain by a gnoll
             ... wielding a +0 halberd of protection
              (14 damage)
             ... on level 2 of the Dungeon.
             The game lasted 00:01:10 (735 turns).

TacoSundae the Ruffian (Vine Stalker Shapeshifter)   Turns: 735, Time: 00:01:10

Health: 0/14       AC:  5    Str: 16    XL:     2   Next: 75%
Magic:  0/3        EV: 11    Int: 10    God:
Gold:   73         SH:  0    Dex: 13    Spells: 1/1 levels left

rFire   . .          .
                       - Unarmed
rCold   . . .        (no shield)
rNeg    . . .        h - +0 ring mail
rPois   .            (helmet currently unavailable)
rElec   .            (cloak currently unavailable)
rCorr   .            (gloves currently unavailable)
SInv    +            (boots currently unavailable)
Will    .....        (no amulet)
Stlth   +            e - ring of see invisible
HPRegen 1.02/turn    (no ring)
MPRegen 0.08/turn

%: guardian spirit
@: beast-form
A: beast (slay +1), fangs 2, regeneration 1, magic shield, antimagic bite, no
potion heal 2
a: Begin Untransformation


You were on level 2 of the Dungeon.
You were a hulking beast.
You visited 1 branch of the dungeon, and saw 2 of its levels.

You collected 73 gold pieces.

Inventory:

Armour
 h - a +0 ring mail (worn)
Jewellery
 e - a ring of see invisible (left hand)
Talismans
 c - a beast talisman
 d - a flux talisman
Scrolls
 g - a scroll of fog {unknown}
 i - a scroll of noise {unknown}
Potions
 a - a potion of resistance {unknown}
 b - a potion of lignification
 f - 3 potions of enlightenment {unknown}


   Skills:
 - Level 0.8 Fighting
 - Level 1.5 Dodging
 + Level 3.5 Unarmed Combat
 + Level 3.4 Shapeshifting


You had one spell level left.
You didn't know any spells.
Your spell library was empty.

Dungeon Overview and Level Annotations

Branches:
Dungeon (2/15)

Altars:


Innate Abilities, Weirdness & Mutations

You are a hulking beast.
Your limbs bulge with bestial killing power. (Slay +1)
You have extremely sharp teeth.
Your natural rate of healing is unusually fast.
When hurt, damage is shared between your health and your magic reserves.
Your bite disrupts and absorbs the magic of your enemies.
Potions cannot restore your health.


Message History

There is a stone staircase leading up here.
You now have 73 gold pieces (gained 11).
i - a scroll labelled UDGHIS HISTA
Found a ring mail.
No target in view!
You see here a +0 ring mail.
A ball python comes into view.
The ball python hisses angrily.
The ball python moves out of view.
No target in view!
The ball python closely misses you. The ball python barely misses you.
You barely miss the ball python. Your bite misses the ball python.
The ball python bites you but does no damage.
The ball python closely misses you.
You barely miss the ball python. You bite the ball python. You drain its power.
The ball python is moderately wounded.
The ball python bites you but does no damage.
The ball python grabs you. The ball python constricts you.
You hit the ball python but do no damage.
Your bite misses the ball python.
The ball python is moderately wounded.
The ball python bites you but does no damage.
The ball python constricts you.
You hit the ball python.
You kill the ball python!
No target in view!
The gnoll shouts!
The gnoll shouts!
The gnoll misses you.
The gnoll hits you from afar with a +0 halberd.
The gnoll hits you with a +0 halberd of protection!
Ouch! That really hurt!
The gnoll misses you. The gnoll attacks as it pursues you!
The gnoll closely misses you. The gnoll attacks as it pursues you!
The gnoll hits you from afar with a +0 halberd of protection.
The gnoll attacks as it pursues you!
The gnoll hits you from afar with a +0 halberd of protection!
Ouch! That really hurt!
You die...

#.......
#....#.#
#.g.#.#
#...#.########
#...#..g.....#
#...g........#
#########g...##
#.....# #..h..#
#...[.#
#.....######
#..........#
#..........#
#..........#
#..........#.
#............
#..##........


You could see 2 gnolls.

Vanquished Creatures
  A gnoll (D:1)
  An endoplasm (D:1)
  A ball python (D:2)
  4 bats (D:1)
  A goblin (D:1)
  2 kobolds (D:1)
  A rat (D:1)
11 creatures vanquished.

Notes
Turn   | Place    | Note
-------+----------+-------------------------------------------
     0 | D:1      | TacoSundae the Vine Stalker Shapeshifter began the quest
                  | for the Orb.
     0 | D:1      | Reached XP level 1. HP: 9/9 MP: 2/2
   285 | D:1      | Reached XP level 2. HP: 14/14 MP: 3/3
   735 | D:2      | Slain by a gnoll

Illustrated notes

Levels and vault maps discovered:
D:1:      heliophobic_arrival_henge, layout_basic, chequers_jeans
D:2:      layout_basic, shapermc_ecumenical_altar_gd, uniq_crazy_yiuf_cottage,
          uniq_sigmund

Action                     || total
---------------------------++-------
  Melee: Unarmed           ||    30
         Bite              ||     8
         Punch             ||     1
 Armour: Animal skin       ||     7
         Ring mail         ||    13
  Dodge: Dodged            ||    22
